[Event "XII Sabadell Open 2019"]
[Site "Sabadell"]
[Date "2019.09.09"]
[Round "8.14"]
[White "Navajas Alvarez, Antoni"]
[Black "Alcon Davalos, Marc"]
[Result "1/2-1/2"]
[ECO "C54"]
[WhiteElo "1512"]
[BlackElo "1459"]
[Annotator "NA RC"]
[PlyCount "98"]
[EventDate "2019.09.01"]
[EventCountry "ESP"]
[SourceTitle "playchess.com"]
[Source "ChessBase"]
[SourceQuality "1"]
[TimeControl "5400+30"]

1. e4 e5 2. Nf3 Nc6 3. Bc4 Bc5 4. c3 Nf6 5. d3 d6 6. Nbd2 Be6 7. Bxe6 fxe6 8. Nf1 Qe7 9. Ng3 h6 10. b4 Bb6 11. a4 a6 12. O-O O-O 13. h3 Kh7 14. Be3 Qf7 15. Qd2 Ne7 16. d4 exd4 17. cxd4 Nh5 18. Nxh5 Qxh5 19. Nh2 Rf7 20. Ng4 Raf8 21. Rab1 Ng8 22. b5 a5 23. Rbc1 Nf6 24. Nxf6+ gxf6 25. Kh2 Rg8 26. f3 Qg6 27. g4 f5 28. exf5 exf5 29. Rf2 Qf6 30. Rff1 f4 31. Bf2 d5 32. Rfe1 c6 33. bxc6 bxc6 34. Re5 Bc7 35. Rf5 Qe6 36. Rxf7+ Qxf7 37. Rxc6 Rg7 38. Qd3+ Rg6 39. Rxg6 Qxg6 40. Qxg6+ Kxg6 41. h4 Bd8 42. Kh3 Bf6 43. h5+ Kg7 44. Kg2 Kf7 45. Kf1 Ke6 46. Ke2 Bd8 47. Kd3 Be7 48. Be1 Bd8 49. Bd2 Bc7 1/2-1/2

[Event "XII Sabadell Open 2019"]
[Site "Sabadell"]
[Date "2019.09.09"]
[Round "8.15"]
[White "Tortosa Moros, Joan"]
[Black "Menendez Cabrera, Enric"]
[Result "1-0"]
[ECO "B01"]
[WhiteElo "1647"]
[BlackElo "1558"]
[Annotator "NA RC"]
[PlyCount "99"]
[EventDate "2019.09.01"]
[EventCountry "ESP"]
[SourceTitle "playchess.com"]
[Source "ChessBase"]
[SourceQuality "1"]
[TimeControl "5400+30"]

1. e4 d5 2. exd5 Qxd5 3. Nc3 Qd8 4. d4 c6 5. Be2 Nf6 6. Nf3 h6 7. O-O e6 8. h3 Bd6 9. Be3 O-O 10. Qd2 Nbd7 11. Bd3 Re8 12. Rfe1 Bf8 13. Bf4 b5 14. Ne4 Nxe4 15. Bxe4 Bb7 16. Rad1 Nf6 17. Bd3 a6 18. c3 Rc8 19. Be5 c5 20. Qf4 Nh5 21. Qg4 Bxf3 22. Qxf3 Qg5 23. Be2 Nf6 24. Bxf6 Qxf6 25. Qxf6 gxf6 26. dxc5 Rxc5 27. Rd7 a5 28. Rb7 b4 29. cxb4 Re5 30. bxa5 Rxa5 31. a3 Rd8 32. Rd1 Rxd1+ 33. Bxd1 Rd5 34. Bf3 Ra5 35. Kf1 Bd6 36. g4 Be5 37. Bd1 Rc5 38. b4 Rc3 39. a4 Rxh3 40. Rd7 Rc3 41. b5 Ra3 42. b6 Ra1 43. Kg2 Kg7 44. b7 Rb1 45. Bf3 Rb6 46. Rd8 Ra6 47. Ra8 Rb6 48. a5 Rb4 49. a6 Ra4 50. a7 1-0

[Event "XII Sabadell Open 2019"]
[Site "Sabadell"]
[Date "2019.09.10"]
[Round "9.1"]
[White "Moskalenko, Viktor"]
[Black "Diaz Camallonga, Carles"]
[Result "1/2-1/2"]
[ECO "D31"]
[WhiteElo "2475"]
[BlackElo "2440"]
[Annotator "ChessBase"]
[PlyCount "66"]
[EventDate "2019.09.01"]
[EventCountry "ESP"]
[SourceTitle "playchess.com"]
[Source "ChessBase"]
[SourceQuality "1"]
[TimeControl "5400+30"]

1. d4 e6 2. c4 d5 3. Nc3 c6 4. cxd5 exd5 5. Qc2 Ne7 6. Bf4 Bf5 7. Qd2 Nd7 8. e3 Ng6 9. Bg3 Nf6 10. f3 h5 11. Bd3 Bxd3 12. Qxd3 h4 13. Bf2 Bd6 14. Nge2 Qd7 15. O-O-O O-O-O 16. Kb1 Kb8 17. Qc2 Qc7 18. h3 Nh5 19. Na4 Rhe8 20. Rd3 Rc8 21. Rb3 Qe7 22. Nc5 Bxc5 23. Qxc5 Qxc5 24. dxc5 f5 25. Nd4 f4 26. exf4 Ngxf4 27. Bxh4 Nxg2 28. Bg5 g6 29. Rg1 Ngf4 30. h4 Ne6 31. Nxe6 Rxe6 32. a4 Rce8 33. Rg4 Rf8 1/2-1/2

[Event "XII Sabadell Open 2019"]
[Site "Sabadell"]
[Date "2019.09.10"]
[Round "9.12"]
[White "Fernandez Aguilar, Francisco"]
[Black "Navajas Alvarez, Josep"]
[Result "1-0"]
[ECO "D78"]
[WhiteElo "2040"]
[BlackElo "1731"]
[Annotator "NA RC"]
[PlyCount "165"]
[EventDate "2019.09.01"]
[EventCountry "ESP"]
[SourceTitle "playchess.com"]
[Source "ChessBase"]
[SourceQuality "1"]
[TimeControl "5400+30"]

1. Nf3 Nf6 2. g3 g6 3. Bg2 Bg7 4. O-O O-O 5. d4 d5 6. c4 c6 7. Qb3 Qb6 8. Nc3 dxc4 9. Qxc4 Be6 10. Qa4 h6 {[%emt 0:09:43] D78: Fianchetto Grünfeld: 6 0-0 c6} (10... Na6 11. Rd1 Rfd8 12. h3 c5 13. dxc5 Nxc5 14. Rxd8+ Rxd8 15. Qa3 Nfe4 16. Be3 Nxc3 17. bxc3 Rc8 18. Ng5 Qc7 19. Qxa7 {1-0 (27) Wojtaszek,R (2705)-Melkumyan,H (2615) Warsaw 2011}) 11. e4 Rd8 12. h3 Nbd7 13. Qc2 $146 ({Predecessor:} 13. Rd1 a5 14. Qc2 Qa6 15. Ne2 a4 16. Re1 Bc4 17. Nc3 b5 18. Nd2 {1-0 (92) Juhasz,K (2272)-Ngo Tan,D (2141) Budapest 2011}) 13... Rac8 14. Be3 Qa5 15. Qe2 Nb6 16. Nd2 Na4 17. Nb3 Nxc3 18. bxc3 Qxc3 19. Rfc1 Qb4 20. Nc5 Qb5 21. Qc2 b6 22. Rab1 Qc4 23. Qxc4 Bxc4 24. Rxc4 bxc5 25. Rxc5 Nd7 26. Rc2 Nb6 27. e5 c5 28. dxc5 Bxe5 29. Rbc1 Nd5 30. Bxd5 Rxd5 31. c6 Rc7 32. Bxh6 f6 33. Be3 Rd8 34. Kg2 Rdc8 35. Bd2 Bd4 36. Ba5 Bb6 37. Bxb6 axb6 38. h4 Kf7 39. g4 Ke6 40. Re2+ Kf7 41. Rec2 Ke6 42. Kg3 Kf7 43. Rc3 Kg7 44. R1c2 Kf7 45. Kf3 e6 46. Ke4 Ke7 47. Kf3 Kf7 48. Kg3 Kg7 49. f4 Kf7 50. Kf2 Ke7 51. Kg2 Kf7 52. Kh3 Kg7 53. Rc1 Kf7 54. Rc4 Ke7 55. Kg2 Kf7 56. R1c3 Kg7 57. a4 Kf7 58. Kg3 Kg7 59. Kf3 Kf7 60. Rc2 Ke7 61. Rc1 Kf7 62. g5 f5 63. R1c3 Ke8 64. Re3 Kf7 65. Rec3 Ke8 66. Kg3 Kf7 67. Rc2 Ke8 68. h5 (68. Kf2 $142) 68... gxh5 69. Kh4 Kf7 70. Kg3 (70. R2c3 $16) 70... Ke7 71. Kf3 Kf7 72. Ke3 Ke7 73. Ke2 Ke8 74. R2c3 Kf8 (74... h4 $11 {keeps the balance.}) 75. Kd2 Ke8 $2 {[%emt 0:00:14] [#]} (75... h4 $11 {and Black is okay.}) 76. Kc2 $1 Ke7 77. Kb3 Kd6 $2 (77... Ra8 78. Rb4 Ra6) 78. Rd3+ Ke7 79. Rdc3 Kd6 80. Kb4 h4 81. Kb5 Rh7 82. Rd4+ Kc7 83. Rd7+ 1-0

[Event "XII Sabadell Open 2019"]
[Site "Sabadell"]
[Date "2019.09.10"]
[Round "9.13"]
[White "Bedoya Rosales, Luis"]
[Black "Borrellas Comellas, Josep"]
[Result "1-0"]
[ECO "C50"]
[WhiteElo "1918"]
[BlackElo "1943"]
[Annotator "NA RC"]
[PlyCount "117"]
[EventDate "2019.09.01"]
[EventCountry "ESP"]
[SourceTitle "playchess.com"]
[Source "ChessBase"]
[SourceQuality "1"]
[TimeControl "5400+30"]

1. e4 e5 2. Nf3 Nc6 3. Bc4 Be7 4. d3 d6 5. c3 Na5 6. Bb5+ Bd7 7. Ba4 Nc6 8. O-O Nf6 9. Re1 O-O 10. h3 Re8 11. Nbd2 Bf8 12. Nf1 Ne7 13. Bc2 Ng6 14. Ng3 d5 15. Bg5 dxe4 16. dxe4 Be7 17. Nf5 h6 18. Nxe7+ Qxe7 19. Bxf6 gxf6 20. Nh2 Nf4 21. Ng4 Bxg4 22. Qxg4+ Kh8 23. Qh4 Kh7 24. g3 Rg8 25. Kh2 Ne6 26. Qh5 Rg5 27. Qf3 Rag8 28. Rad1 Rd8 29. Rd5 c6 30. Rxd8 Nxd8 31. Rd1 Ne6 32. Qe3 b6 33. Ba4 b5 34. Bc2 Rg8 35. a4 Rd8 36. axb5 Rxd1 37. Bxd1 cxb5 38. Bg4 Ng7 39. h4 h5 40. Be2 Qd7 41. b4 a6 42. Kg2 Qc6 43. Bf3 Kg6 44. Qd3 Ne6 45. Kf1 Qc7 46. Bd1 Qd8 47. Qxd8 Nxd8 48. Ke1 Nb7 49. Kd2 Nd6 50. Kd3 Nc4 51. Bb3 Nb2+ 52. Ke2 f5 53. exf5+ Kxf5 54. Bxf7 Na4 55. Kd3 Kg4 56. Bd5 Nb6 57. Bb7 Nc4 58. Ke2 Na3 59. Bc8# 1-0

[Event "XII Sabadell Open 2019"]
[Site "Sabadell"]
[Date "2019.09.10"]
[Round "9.14"]
[White "Castaneda Munoz, Antonio"]
[Black "Tortosa Moros, Joan"]
[Result "0-1"]
[ECO "D02"]
[WhiteElo "1603"]
[BlackElo "1647"]
[Annotator "NA RC"]
[PlyCount "136"]
[EventDate "2019.09.01"]
[EventCountry "ESP"]
[SourceTitle "playchess.com"]
[Source "ChessBase"]
[SourceQuality "1"]
[TimeControl "5400+30"]

1. d4 Nf6 2. Nf3 e6 3. Bf4 d5 4. e3 c5 5. c3 Nc6 6. Nbd2 Be7 7. Bd3 c4 8. Bc2 O-O 9. O-O Nh5 10. Bxh7+ Kxh7 11. Ng5+ Bxg5 12. Qxh5+ Bh6 13. Nf3 f6 14. Nd2 Qe8 15. Qf3 Bxf4 16. exf4 Ne7 17. Rfe1 f5 18. Qh3+ Kg8 19. Nf3 Rf6 20. Ng5 Rh6 21. Qg3 Qh5 22. h3 Bd7 23. Qe3 Re8 24. b3 a6 25. bxc4 dxc4 26. a4 Nd5 27. Qd2 Rg6 28. g3 Nf6 29. h4 Nh7 30. Rab1 Nxg5 31. fxg5 Bc6 32. Qe3 Qf3 33. Qxf3 Bxf3 34. a5 f4 35. Re5 fxg3 36. fxg3 Re7 37. Rb4 Rc7 38. Rb6 Bg4 39. d5 Rc5 40. Kf2 Kh7 41. Ke3 exd5 42. Rxb7 Rxa5 43. Kf4 Re6 44. Re7 Rxe7 45. Rxe7 Bd1 46. Re1 Bc2 47. h5 Kg8 48. g6 Kf8 49. Re5 Rb5 50. Re6 a5 51. g4 a4 52. Ra6 Rb1 53. g5 Rf1+ 54. Ke5 Re1+ 55. Kd6 Re8 56. Kxd5 Bb3 57. h6 Rd8+ 58. Kc6 gxh6 59. gxh6 Bc2 60. Kc7 Re8 61. Rf6+ Kg8 62. Kd7 Ra8 63. h7+ Kg7 64. Re6 Bf5 65. Kd6 Bxe6 66. Kxe6 Kxg6 67. Kd5 a3 68. h8=Q Rxh8 0-1

[Event "XII Sabadell Open 2019"]
[Site "Sabadell"]
[Date "2019.09.10"]
[Round "9.15"]
[White "Alcon Davalos, Marc"]
[Black "Fernandez Pintado, Xavier"]
[Result "1/2-1/2"]
[ECO "B22"]
[WhiteElo "1459"]
[BlackElo "1590"]
[Annotator "NA"]
[PlyCount "50"]
[EventDate "2019.09.01"]
[EventCountry "ESP"]
[SourceTitle "playchess.com"]
[Source "ChessBase"]
[SourceQuality "1"]
[TimeControl "5400+30"]

1. e4 c5 2. Nf3 d6 3. c3 g6 4. d4 cxd4 5. cxd4 Bg7 6. Be3 Nf6 7. Nc3 O-O 8. h3 a6 9. Bd3 b5 10. O-O Bb7 11. b4 Nbd7 12. Rc1 Rc8 13. Qd2 Re8 14. Rc2 Nb6 15. Qe2 Nfd7 16. Nd2 e6 17. Rfc1 Qe7 18. Nd1 Rxc2 19. Rxc2 d5 20. Nb2 Nc4 21. Bxc4 bxc4 22. a3 Nb6 23. e5 Rc8 24. Rc3 Bc6 25. Qd1 f5 1/2-1/2